Map: Ice and Chrome LE

Players

Reynor - Winner!

  • Race: Zerg Zerg
  • League: Master
  • Spawn Location: 1:00

Serral

  • Race: Zerg Zerg
  • League: Master
  • Spawn Location: 7:00

Event: DreamHack SC2 Masters 2020 Fall

VOD

Have the link to the VOD?

Description

Time

  • Played on: Sept. 13, 2020, 2:08 p.m.
  • Length: 24:51

All games in this series

Show
View Real Time Build Order
Export as new Build Order

Reynor Zerg - Winner!

Build Orders: Hatch First, Lurkers 

Get SALT Encoding   

  12  0:00  Drone  
  13  0:12  Overlord  
  13  0:17  Drone  
  14  0:30  Drone x2  
  16  0:50  Hatchery  
  16  0:52  Drone  
  16  0:55  Drone  
  17  0:59  Drone  
  18  1:09  Extractor  
  17  1:15  Spawning Pool  
  17  1:18  Drone  
  17  1:20  Drone  
  18  1:28  Drone  
  19  1:39  Drone  
  20  1:49  Drone  
  21  1:59  Overlord  
  21  2:02  Queen x2, Zergling x2  
  26  2:09  Metabolic Boost  
  26  2:12  Drone x2  
  28  2:21  Drone  
  29  2:23  Zergling x2  
  30  2:34  Hatchery  
  30  2:37  Drone  
  30  2:40  Drone  
  31  2:45  Drone  
  31  2:48  Drone  
  33  2:55  Overlord  
  33  2:56  Baneling Nest  
  33  2:57  Drone  
  33  3:04  Zergling x2  
  34  3:06  Drone  
  35  3:13  Drone x2  
  35  3:15  Zergling x4  
  35  3:16  Zergling x2  
  35  3:17  Drone  
  41  3:21  Overlord  
  41  3:24  Queen  
  43  3:28  Drone  
  43  3:32  Drone, Evolution Chamber  
  43  3:40  Drone  
  44  3:43  Drone x3  
  44  3:44  Drone  
  48  3:51  Zergling x4  
  48  3:53  Overlord  
  48  3:54  Drone x2  
  52  4:00  Drone x2, Zerg Missile Weapons Level 1  
  54  4:06  Drone  
  54  4:07  Drone  
  54  4:08  Drone  
  57  4:13  Drone  
  57  4:14  Lair  
  58  4:17  Roach Warren  
  58  4:18  Drone  
  58  4:20  Drone  
  58  4:21  Extractor  
  58  4:22  Extractor  
  57  4:25  Overlord  
  57  4:27  Drone  
  57  4:30  Drone  
  59  4:32  Drone  
  59  4:33  Drone x2  
  59  4:36  Overlord  
  62  4:43  Drone x2  
  63  4:49  Drone x3  
  63  4:50  Overlord  
  66  4:55  Drone  
  66  4:57  Drone  
  66  4:59  Drone  
  69  5:00  Drone x2  
  69  5:02  Extractor  
  69  5:03  Extractor  
  69  5:04  Drone x4  
  69  5:06  Extractor  
  72  5:09  Drone  
  72  5:10  Drone  
  72  5:11  Drone x3  
  77  5:14  Pneumatized Carapace, Overseer  
  77  5:16  Glial Reconstitution, Drone  
  77  5:20  Overlord  
  78  5:25  Queen  
  78  5:27  Drone x2  
  81  5:28  Hatchery  
  81  5:29  Baneling  
  81  5:33  Overlord  
  81  5:35  Roach x3  
  86  5:41  Roach x3  
  92  5:45  Overlord  
  92  5:51  Roach x2  
  92  5:52  Evolution Chamber  
  92  5:53  Queen, Overlord  
  97  6:00  Roach x3  
  97  6:02  Queen  
  105  6:05  Overlord  
  105  6:07  Queen  
  105  6:10  Overlord  
  107  6:19  Drone x2  
  107  6:23  Drone x2  
  107  6:25  Drone x2, Spore Crawler  
  109  6:26  Hydralisk Den, Spore Crawler  
  109  6:27  Infestation Pit  
  109  6:29  Spore Crawler  
  109  6:32  Drone  
  106  6:38  Spore Crawler  
  106  6:39  Spore Crawler  
  104  6:40  Queen  
  104  6:43  Zerg Missile Weapons Level 2  
  104  6:44  Drone x2  
  107  6:47  Drone  
  107  6:48  Infestation Pit  
  107  6:49  Spore Crawler  
  107  6:50  Spore Crawler  
  107  6:51  Drone x2  
  106  6:54  Spore Crawler  
  106  6:57  Drone  
  106  6:58  Lurker Den  
  106  6:59  Queen  
  107  7:04  Drone x2  
  107  7:05  Drone  
  107  7:08  Hive  
  111  7:11  Spore Crawler  
  114  7:15  Roach x2  
  114  7:16  Roach x2, Overlord  
  114  7:21  Zerg Ground Armor Level 1  
  118  7:23  Drone x2  
  118  7:28  Hydralisk x2  
  118  7:29  Hydralisk  
  126  7:30  Hydralisk  
  128  7:39  Queen  
  128  7:41  Drone  
  128  7:42  Drone x2  
  128  7:43  Drone x3  
  127  7:47  Drone x3  
  127  7:49  Overlord  
  127  7:51  Hydralisk  
  127  7:58  Drone  
  127  7:59  Drone x4  
  129  8:07  Hydralisk x4  
  129  8:10  Lurker x3  
  142  8:12  Drone x2  
  142  8:13  Drone x2  
  142  8:17  Lurker  
  142  8:18  Drone  
  146  8:20  Drone x2  
  146  8:21  Evolution Chamber  
  146  8:22  Evolution Chamber  
  146  8:24  Evolution Chamber  
  146  8:26  Queen  
  147  8:30  Viper  
  147  8:32  Overlord  
  147  8:33  Hydralisk  
  152  8:35  Spore Crawler  
  152  8:36  Overlord  
  138  8:44  Drone x9  
  143  8:50  Overlord  
  143  8:53  Viper x2  
  143  8:57  Drone x2  
  145  9:05  Lurker  
  146  9:12  Hydralisk x4  
  146  9:14  Muscular Augments  
  154  9:17  Spore Crawler  
  153  9:27  Drone x2  
  153  9:28  Evolution Chamber  
  149  9:35  Seismic Spines  
  149  9:38  Hatchery  
  148  9:42  Drone x4  
  146  9:46  Hydralisk x3  
  146  9:47  Hydralisk  
  154  9:53  Overlord  
  154  9:57  Spore Crawler  
  154  9:58  Hydralisk, Spore Crawler  
  154  10:00  Zerg Missile Weapons Level 3  
  154  10:04  Overlord  
  154  10:06  Overlord  
  154  10:08  Overlord  
  154  10:16  Overlord  
  150  10:22  Lurker  
  150  10:23  Lurker x2  
  150  10:24  Hydralisk x3  
  159  10:31  Evolution Chamber  
  159  10:32  Hydralisk x3  
  159  10:35  Drone x3, Evolution Chamber  
  164  10:36  Drone x3  
  164  10:43  Evolution Chamber  
  164  10:44  Evolution Chamber  
  163  10:52  Hydralisk x2  
  163  10:53  Viper x2  
  163  10:56  Drone  
  181  10:57  Drone x7  
  176  11:05  Hydralisk  
  176  11:08  Hatchery  
  174  11:14  Lurker x2  
  174  11:17  Zerg Ground Armor Level 2  
  176  11:20  Grooved Spines  
  176  11:22  Hydralisk  
  178  11:28  Overlord  
  178  11:29  Drone x7  
  185  11:37  Spore Crawler  
  185  11:39  Spore Crawler  
  183  11:43  Spore Crawler  
  182  11:47  Evolution Chamber  
  182  11:48  Hydralisk x4  
  187  11:54  Hydralisk  
  187  11:55  Drone x3  
  187  11:58  Roach  
  187  11:59  Overlord  
  194  12:05  Extractor  
  194  12:06  Extractor  
  192  12:10  Roach  
  194  12:20  Hatchery  
  193  12:25  Hydralisk x3  
  199  12:32  Spore Crawler  
  199  12:33  Spore Crawler  
  199  12:36  Spore Crawler  
  188  12:43  Hydralisk  
  188  12:44  Hydralisk x7  
  184  12:45  Overseer  
  184  12:51  Overseer x2  
  198  13:02  Drone x2  
  200  13:10  Hatchery  
  193  13:15  Viper x2  
  197  13:23  Hydralisk  
  197  13:24  Hydralisk x3  
  191  13:28  Adaptive Talons  
  191  13:30  Extractor  
  191  13:33  Hydralisk x7  
  200  13:45  Viper x2  
  200  13:55  Zerg Ground Armor Level 3  
  198  14:27  Lurker x2  
  200  14:35  Extractor  
  200  14:37  Extractor  
  198  14:52  Viper x2  
  169  14:54  Hydralisk x13  
  169  14:57  Roach x2  
  199  15:12  Spore Crawler  
  198  15:21  Lurker x5  
  197  15:36  Roach x2  
  199  15:43  Hatchery  
  199  15:46  Spore Crawler  
  193  16:00  Hydralisk x5  
  194  16:27  Roach x3  
  200  16:46  Roach x14  
  198  16:53  Lurker x2  
  200  17:00  Spore Crawler  
  193  17:09  Hatchery  
  186  17:16  Roach x7  
  186  17:20  Overseer x3  
  166  17:39  Viper x6  
  166  17:41  Roach x9  
  187  17:47  Spore Crawler  
  187  17:48  Spine Crawler  
  185  17:56  Infestor, Overlord  
  187  18:07  Lurker x2  
  187  18:08  Lurker x2  
  187  18:11  Overseer  
  191  18:17  Hydralisk x2  
  199  18:31  Lurker x2  
  199  18:32  Lurker x2  
  199  18:40  Hatchery  
  198  18:41  Hydralisk  
  200  18:49  Hatchery  
  200  18:51  Spore Crawler  
  200  18:52  Spine Crawler x3  
  195  18:56  Lurker x3  
  195  18:57  Hydralisk  
  187  19:24  Hydralisk  
  187  19:25  Hydralisk x4  
  200  19:38  Overlord  
  199  19:45  Hydralisk  
  199  19:46  Hydralisk x2  
  193  19:53  Hydralisk x4  
  193  19:54  Hydralisk  
  193  19:57  Overlord  
  199  20:00  Hatchery  
  199  20:06  Hydralisk x6  
  196  20:10  Hydralisk  
  196  20:11  Hydralisk x2  
  195  20:19  Hydralisk x2, Overseer  
  193  20:24  Overlord x2  
  189  20:29  Overlord  
  141  20:43  Overlord  
  141  20:44  Overlord  
  141  20:48  Extractor  
  136  20:53  Hydralisk, Overlord  
  135  21:00  Overlord  
  135  21:01  Hydralisk x8  
  150  21:13  Hydralisk x4  
  158  21:21  Viper x2  
  162  21:29  Hydralisk x2  
  166  21:45  Overlord  
  140  22:02  Hydralisk x5  
  140  22:05  Overseer  
  147  22:10  Drone x5  
  152  22:20  Hydralisk  
  152  22:23  Overlord  
  143  22:34  Drone, Hydralisk x3  
  143  22:35  Hydralisk  
  145  22:51  Drone x5  
  147  22:52  Viper  
  147  22:53  Extractor  
  147  22:54  Extractor  
  151  22:59  Roach Warren  
  151  23:05  Extractor  
  149  23:14  Viper  
  148  23:20  Drone x2  
  148  23:21  Drone  
  151  23:27  Overseer  
  151  23:40  Roach x6  
  160  23:43  Overseer x2  
  157  23:51  Roach x5  
  148  23:57  Overseer x2  
  148  24:02  Hydralisk x2  
  138  24:06  Roach x2  
  136  24:11  Roach  
  136  24:12  Roach  
  140  24:17  Roach x2  
  140  24:23  Drone x3  
  140  24:24  Roach x3  
  146  24:28  Roach  
Show
View Real Time Build Order
Export as new Build Order

Serral Zerg 

Build Orders: Hatch First, Lurkers, Muta Ling Bane 

Get SALT Encoding   

  12  0:00  Drone  
  13  0:12  Overlord  
  13  0:16  Drone  
  14  0:30  Drone x2  
  16  0:47  Hatchery  
  15  0:50  Drone  
  15  0:53  Drone  
  17  0:57  Drone  
  18  1:07  Extractor  
  17  1:12  Spawning Pool  
  17  1:15  Drone  
  17  1:18  Drone  
  18  1:27  Drone  
  19  1:38  Drone  
  20  1:49  Drone  
  21  1:59  Queen x2  
  21  2:00  Zergling x2, Overlord  
  26  2:07  Metabolic Boost  
  26  2:10  Drone  
  26  2:12  Drone  
  28  2:21  Drone x2  
  30  2:33  Hatchery  
  30  2:34  Drone  
  30  2:37  Drone  
  30  2:43  Queen  
  33  2:54  Overlord, Baneling Nest  
  33  2:57  Drone, Zergling x2  
  34  3:00  Drone  
  35  3:06  Drone  
  36  3:13  Drone x4  
  36  3:14  Zergling x2  
  36  3:18  Overlord  
  41  3:26  Zergling x4  
  43  3:27  Evolution Chamber  
  43  3:31  Zergling x2  
  43  3:33  Drone  
  44  3:38  Drone  
  44  3:39  Drone x2  
  44  3:41  Baneling  
  47  3:42  Zergling x2  
  47  3:45  Overlord  
  47  3:47  Drone  
  49  3:49  Extractor  
  49  3:52  Zerg Melee Weapons Level 1  
  49  3:53  Drone  
  50  3:56  Drone x2  
  50  3:59  Overlord  
  50  4:01  Drone  
  50  4:02  Drone  
  54  4:05  Drone  
  54  4:08  Overlord  
  55  4:14  Extractor, Lair  
  55  4:15  Drone x2  
  55  4:17  Drone  
  55  4:23  Drone  
  55  4:24  Roach Warren  
  56  4:25  Drone  
  56  4:27  Drone, Extractor  
  56  4:28  Drone  
  58  4:33  Extractor  
  58  4:35  Drone x5  
  58  4:37  Drone  
  63  4:41  Drone  
  63  4:42  Drone x2  
  63  4:44  Extractor  
  63  4:45  Extractor, Overlord  
  64  4:48  Drone  
  64  4:50  Drone x2  
  67  4:54  Overlord  
  67  4:55  Drone x2  
  67  4:57  Drone  
  69  5:03  Overlord  
  69  5:06  Overlord  
  69  5:08  Drone x2  
  69  5:10  Drone x2  
  69  5:12  Drone  
  74  5:14  Spire  
  74  5:16  Drone  
  74  5:20  Drone x4  
  78  5:25  Drone x2  
  78  5:26  Overlord  
  78  5:28  Zergling x2  
  81  5:37  Hatchery  
  81  5:39  Zergling x8  
  84  5:44  Zergling x6  
  84  5:47  Baneling x2  
  84  5:49  Zergling x4  
  89  5:57  Zergling x8  
  89  5:59  Baneling x2  
  89  6:01  Overlord  
  93  6:05  Drone x5  
  93  6:09  Overlord  
  98  6:12  Extractor  
  98  6:17  Extractor  
  92  6:24  Drone x3  
  93  6:27  Mutalisk x7  
  93  6:29  Overlord, Zerg Flyer Weapons Level 1  
  93  6:32  Mutalisk x3  
  113  6:43  Drone, Mutalisk x4  
  119  6:48  Drone  
  119  6:49  Queen  
  119  6:52  Zerg Melee Weapons Level 2  
  122  6:56  Drone x4  
  122  7:00  Overlord  
  126  7:02  Centrifical Hooks  
  126  7:09  Hatchery  
  125  7:18  Mutalisk  
  125  7:19  Mutalisk x2  
  131  7:24  Zergling x16  
  139  7:31  Overlord  
  139  7:32  Mutalisk x2  
  139  7:36  Zergling x2  
  143  7:38  Overlord  
  143  7:39  Overlord  
  143  7:40  Overlord  
  143  7:43  Mutalisk x2  
  142  7:46  Zergling x4  
  137  7:53  Mutalisk x3  
  143  8:09  Baneling x18  
  139  8:14  Drone x10  
  139  8:18  Baneling x4  
  149  8:20  Infestation Pit, Extractor  
  149  8:23  Extractor  
  149  8:24  Overlord  
  149  8:26  Overlord, Mutalisk x2  
  150  8:36  Mutalisk x2  
  147  8:43  Zergling x2  
  147  8:44  Zergling x26  
  154  8:49  Spore Crawler  
  154  8:53  Overlord  
  150  8:58  Mutalisk x3  
  150  9:00  Zergling x12  
  162  9:05  Pneumatized Carapace  
  162  9:06  Overseer  
  162  9:08  Baneling x6  
  162  9:09  Zerg Missile Weapons Level 1  
  162  9:10  Baneling x5  
  162  9:11  Baneling  
  162  9:16  Hive  
  162  9:20  Drone  
  162  9:21  Drone  
  162  9:23  Hydralisk Den  
  159  9:31  Zergling x24  
  162  9:45  Mutalisk x2  
  153  9:47  Baneling x16  
  153  9:52  Drone x2, Evolution Chamber, Muscular Augments  
  154  9:55  Zergling x12  
  160  10:08  Drone x2  
  160  10:10  Hydralisk x5, Lurker Den  
  171  10:15  Hydralisk x2  
  168  10:26  Baneling x14  
  167  10:32  Overlord x2  
  167  10:34  Baneling  
  167  10:35  Baneling x11  
  167  10:46  Viper  
  167  10:47  Viper  
  173  10:50  Overseer  
  173  10:51  Overlord x2  
  173  10:53  Hatchery  
  160  11:04  Grooved Spines  
  160  11:06  Hydralisk x10  
  160  11:10  Hydralisk x2  
  182  11:16  Seismic Spines  
  182  11:19  Overseer  
  182  11:25  Baneling x9  
  182  11:29  Drone x3  
  182  11:30  Zerg Missile Weapons Level 2  
  185  11:39  Extractor x2  
  181  11:42  Zerg Ground Armor Level 1  
  181  11:46  Hydralisk x5  
  191  12:00  Viper x2  
  191  12:15  Adaptive Talons, Viper  
  191  12:19  Hydralisk x3  
  199  12:23  Spine Crawler  
  199  12:24  Spine Crawler  
  199  12:25  Overseer  
  186  12:42  Hydralisk x14  
  185  12:53  Hydralisk  
  185  12:54  Hydralisk x6  
  197  13:07  Overlord  
  197  13:09  Hydralisk x5  
  193  13:15  Overlord, Overseer  
  193  13:17  Lurker x3  
  193  13:18  Lurker  
  193  13:19  Roach  
  178  13:29  Roach x2  
  178  13:30  Roach x10  
  195  13:49  Lurker, Viper  
  195  13:50  Hatchery  
  195  13:51  Lurker  
  199  13:55  Overlord  
  199  14:09  Zerg Missile Weapons Level 3  
  199  14:19  Hatchery  
  198  14:30  Viper  
  199  14:33  Glial Reconstitution  
  189  14:50  Viper  
  189  14:51  Viper x3  
  193  14:56  Viper  
  196  15:03  Overseer x2  
  196  15:04  Drone x3  
  199  15:09  Spore Crawler  
  198  15:14  Overlord  
  198  15:15  Overlord  
  198  15:17  Extractor  
  198  15:18  Evolution Chamber  
  198  15:21  Overseer  
  196  15:26  Lurker x2  
  196  15:27  Lurker, Overseer  
  190  15:43  Hydralisk x4  
  190  15:47  Spore Crawler  
  190  15:48  Drone x2  
  199  16:03  Overlord  
  199  16:04  Overlord  
  199  16:18  Overseer  
  197  16:31  Hydralisk  
  174  16:49  Viper  
  174  16:50  Viper x2  
  174  16:51  Hydralisk x10  
  174  16:53  Lurker x4  
  195  17:03  Hydralisk x4  
  194  17:09  Overseer  
  194  17:12  Hydralisk x6  
  196  17:17  Overseer  
  196  17:21  Hydralisk x3  
  193  17:35  Hydralisk x11  
  180  17:46  Hydralisk x8  
  180  17:47  Overlord  
  180  17:51  Overlord  
  195  17:58  Overlord  
  195  18:01  Overlord  
  195  18:05  Overlord  
  191  18:06  Overseer  
  191  18:10  Overseer  
  191  18:15  Hatchery  
  188  18:20  Lurker  
  188  18:21  Lurker x5  
  192  18:41  Lurker x3, Viper  
  195  18:45  Overseer  
  187  19:14  Hydralisk x3  
  191  19:25  Hydralisk x2  
  191  19:30  Hydralisk x3  
  186  19:39  Lurker  
  186  19:40  Overseer  
  186  19:43  Hydralisk x2  
  188  19:49  Hydralisk x2  
  192  19:53  Overseer  
  179  20:11  Lair  
  179  20:13  Roach Warren  
  133  20:48  Queen  
  135  20:50  Overseer  
  135  20:52  Hatchery  
  135  20:55  Spore Crawler  
  129  20:58  Roach x6  
  129  21:02  Spore Crawler  
  140  21:14  Roach  
  140  21:15  Roach  
  140  21:17  Hydralisk Den  
  143  21:24  Queen  
  145  21:30  Roach x2  
  145  21:42  Roach  
  145  21:43  Roach x3  
  134  22:05  Roach  
  134  22:06  Roach x3  
  132  22:10  Hydralisk  
  134  22:15  Hydralisk x2  
  134  22:16  Hydralisk  
  138  22:29  Hydralisk x3  
  140  22:44  Hydralisk x2  
  142  22:51  Roach x2  
  142  22:53  Hatchery  
  141  23:05  Hatchery  
  140  23:08  Roach  
  142  23:14  Extractor  
  142  23:16  Extractor  
  142  23:17  Overseer  
  142  23:32  Hatchery  
  141  23:45  Roach x8  
  102  24:11  Roach  
  102  24:12  Roach x4  
  109  24:39  Hatchery  

Tags
 
Add a new tag
Caveats
  • Supply blocks, unpowered buildings, or Contaminate may cause inaccurate times.
  • Supply counts are checked every 10 seconds.